 Dungeon Crawl Stone Soup version 0.28.0-49-g6dfe1f597d (webtiles) character file.

Game seed: 8250539906779045842

7244 Peloso the Carver (level 10, -20/93 HPs)
             Began as a Minotaur Fighter on May 12, 2022.
             Was a High Priest of Okawaru.
             Demolished by a two-headed ogre
             ... wielding the +10 dark maul {vorpal}
              (63 damage)
             ... on level 10 of the Dungeon.
             The game lasted 00:25:33 (11444 turns).

Peloso the Carver (Minotaur Fighter)               Turns: 11444, Time: 00:25:33

Health: -20/93     AC: 14    Str: 27    XL:     10   Next: 88%
Magic:  9/9        EV: 13    Int:  5    God:    Okawaru [*****.]
Gold:   753        SH:  5    Dex: 12    Spells: 9/9 levels left

rFire   . . .      SeeInvis .   a - +3 long sword of Winuh {venom, rN+}
rCold   . . .      Faith    +   c - +0 buckler
rNeg    + + +      Spirit   .   E - +3 leather armour of Space {rPois Str+4}
rPois   +          Reflect  .   (helmet restricted)
rElec   .          Harm     .   P - +0 cloak "Sibbodosim" {rN++}
rCorr   .          Rampage  .   (no gloves)
Will    .....                   J - +1 pair of boots
Stlth   ++........              x - amulet of faith
HPRegen 0.25/turn               h - ring of flight
MPRegen 0.11/turn               i - +4 ring of protection

@: flying
A: horns 2, retaliatory headbutt
a: Renounce Religion, Heroism, Finesse, Duel


You were on level 10 of the Dungeon.
You worshipped Okawaru.
Okawaru was extremely pleased with you.
You visited 1 branch of the dungeon, and saw 10 of its levels.
You also visited: Sewer and Bailey.

You collected 783 gold pieces.
You spent 30 gold pieces at shops.

Inventory:

Hand Weapons
 a - the +3 long sword of Winuh (weapon) {venom, rN+}
   (You took it off a gnoll sergeant in a bailey)

   It poisons the flesh of those it strikes.
   rN:        It protects you from negative energy.
 b - the +1 war axe of the Hungering Gnat {flame, rElec rC- Str+7 SInv}
   (You found it on level 6 of the Dungeon)

   It burns those it strikes, dealing additional fire damage.
   Big, fiery blades are also staple armaments of hydra-hunters.
   Str:       It affects your strength (+7).
   rC:        It makes you vulnerable to cold.
   rElec:     It insulates you from electricity.
   SInv:      It lets you see invisible.
 g - a +2 long sword of freezing
 B - the +11 war axe of Gallantry {venom, Stlth+}
   (You found it on level 5 of the Dungeon)

   It poisons the flesh of those it strikes.
   Stlth:     It makes you more stealthy.
Missiles
 n - 5 throwing nets (quivered)
Armour
 c - a +0 buckler (worn)
 k - a +0 chain mail
 E - the +3 leather armour of Space (worn) {rPois Str+4}
   (You found it on level 4 of the Dungeon)

   Str:       It affects your strength (+4).
   rPois:     It protects you from poison.
 J - a +1 pair of boots (worn)
 P - the +0 cloak "Sibbodosim" (worn) {rN++}
   (Okawaru gifted it to you on level 10 of the Dungeon)

   rN:        It greatly protects you from negative energy.
Jewellery
 f - an amulet of guardian spirit
 h - a ring of flight (left hand)
 i - a +4 ring of protection (right hand)
 x - an amulet of faith (around neck)
 M - a +6 ring of strength
Wands
 m - a wand of digging (5)
 o - a wand of paralysis (8)
 u - a wand of flame (27)
 z - a wand of polymorph (17)
 H - a wand of mindburst (2)
Scrolls
 j - 2 scrolls of fog
 q - 2 scrolls of fear
 r - a scroll of blinking
 s - 2 scrolls of identify
 t - 2 scrolls of holy word
 v - a scroll of summoning
 y - 6 scrolls of teleportation
 A - a scroll of amnesia
 F - 5 scrolls of enchant weapon
 G - a scroll of noise
 L - a scroll of enchant armour
Potions
 d - 5 potions of might
 e - a potion of magic
 l - 2 potions of invisibility
 p - 5 potions of curing
 w - a potion of berserk rage
 C - a potion of resistance
 D - a potion of haste
 I - a potion of ambrosia
 K - 2 potions of mutation
 N - 2 potions of heal wounds
 O - a potion of cancellation


   Skills:
 + Level 9.8 Fighting
 + Level 12.8 Long Blades
 + Level 8.4 Armour
 + Level 5.8 Dodging
 + Level 2.6 Stealth
 + Level 7.5 Shields
 + Level 1.0 Invocations
 + Level 0.1 Evocations


You had 9 spell levels left.
You didn't know any spells.
Your spell library contained the following spells:

 Spells                   Type           Power      Damage    Failure   Level
 Foxfire                  Conj/Fire      0%         2x1d4     58%         1
 Sandblast                Erth           0%         2d4       58%         1
 Sting                    Tmut/Pois      0%         1d3       58%         1
 Poisonous Vapours        Pois/Air       0%         N/A       75%         2
 Conjure Flame            Conj/Fire      0%         6-21      92%         3
 Inner Flame              Hex/Fire       0%         N/A       92%         3
 Airstrike                Air            0%         N/A       100%        4
 Flame Wave               Conj/Fire      0%         2d4       100%        4
 Olgreb's Toxic Radiance  Pois           0%         N/A       100%        4
 Iskenderun's Battlesphe  Conj           0%         2d6       100%        5
 Iron Shot                Conj/Erth      0%         9d1       100%        6
 Maxwell's Capacitive Co  Air            0%         ∞         100%        8
 Call Imp                 Summ           Unusable   N/A       N/A         2
 Summon Guardian Golem    Hex/Summ       Unusable   N/A       N/A         3
 Summon Lightning Spire   Summ/Air       Unusable   N/A       N/A         4
 Spellforged Servitor     Conj/Summ      Unusable   N/A       N/A         7
 Summon Hydra             Summ           Unusable   N/A       N/A         7

Dungeon Overview and Level Annotations

Branches:
Dungeon (10/15)            Temple (0/1) D:7            Lair (0/6) D:10
  Sewer (visited)          Bailey (visited)
    Orc: D:9-12

Altars:
Makhleb
Okawaru

Shops:
D:7 =   D:10 *[

Annotations:
D:5 1 runed translucent door, Tali's ghost, novice DsBe


Innate Abilities, Weirdness & Mutations

You have a pair of horns on your head.
You reflexively headbutt those who attack you in melee.


Message History

* * * LOW HITPOINT WARNING * * *
You hit the orc knight but do no damage.
The orc knight looks as sick as possible!
The orc knight is almost dead.
The orc knight barely misses you.
You slice the orc knight!!
You kill the orc knight!
Okawaru accepts your kill. Okawaru grants you armour!
Something appears at your feet!
You see here the +0 cloak "Sibbodosim" {rN++}.
There is a large open door here.
You start resting.
HP restored.
There is a large open door here.
You see here the +0 cloak "Sibbodosim" {rN++}.
P - the +0 cloak "Sibbodosim" {rN++} You start putting on your armour.
You continue putting on the +0 cloak "Sibbodosim" {rN++}. x4
You finish putting on the +0 cloak "Sibbodosim" {rN++}.
Unknown command.
Things that are here:
a +2 great mace; a +0 chain mail; an orc skeleton You reach down and open the large door.
There is a large open door, spattered with blood here.
A two-headed ogre comes into view.
It is wielding the +10 dark maul {vorpal} and a +0 giant club.
The two-headed ogre shouts in stereo!
You slash the two-headed ogre!
The two-headed ogre is poisoned.
The two-headed ogre is moderately wounded.
The two-headed ogre hits you with the +10 dark maul {vorpal}!!!
The two-headed ogre hits you but does no damage.
You hit the two-headed ogre but do no damage.
The two-headed ogre looks as sick as possible!
The two-headed ogre is moderately wounded.
You hit the two-headed ogre.
Your headbutt misses the two-headed ogre.
The two-headed ogre is moderately wounded.
The two-headed ogre hits you with the +10 dark maul {vorpal}!!!
Ouch! That really hurt!
You die...

#.# #...#.#. #.#
#...... #.# #...#.
#.# #.... #.# #...
#.# #.. #.#
#O#######.#.#
#@........#.#
#.........#.##
#''########..#
#.).......'..###
#.........'....#
###########....###
#.......(..#
#........#..
#........###


You could see a two-headed ogre (extremely poisoned).

Vanquished Creatures
  An orc knight (D:10)
  A kobold demonologist (D:9)
  A hornet (D:9)
  2 wyverns (D:9)
  A shadow (D:10)
  6 yaks (D:8)
  A water moccasin (D:8)
  An acid dragon (D:9)
  Duvessa (D:4)
  2 orc warriors
  A sky beast (D:7)
  2 black bears
  6 ice beasts
  6 wolves (Bailey)
  A necrophage (D:5)
  2 ogres
  3 centaurs
  Blork the orc (D:4)
  A kobold brigand (D:7)
  3 bullfrogs
  A scorpion (D:7)
  8 gnoll sergeants (Bailey)
  Dowan (D:4)
  3 wights (D:8)
  8 howler monkeys
  2 centaur zombies
  2 jellies
  6 hounds
  2 orc priests
  3 bullfrog zombies
  8 gnoll shamans
  A centaur skeleton (D:7)
  2 iguanas
  Natasha (twice) (D:2)
  2 orc wizards
  A killer bee zombie (D:5)
  A hound skeleton (D:4)
  A howler monkey zombie (D:9)
  25 gnolls
  2 river rats (D:6)
  9 adders
  A white imp (D:8)
  An ufetubus (D:6)
  2 worms
  A dart slug (D:1)
  19 orcs
  11 endoplasms
  16 giant cockroaches
  12 goblins
  9 hobgoblins
  4 jackals (D:3)
  5 quokkas
  12 ball pythons
  A bat (D:2)
  8 frilled lizards
  12 kobolds
  4 rats
251 creatures vanquished.

Vanquished Creatures (others)
  8 plants (D:3)
  2 withered plants (D:5)
10 creatures vanquished.

Grand Total: 261 creatures vanquished

Notes
Turn   | Place    | Note
-------+----------+-------------------------------------------
     0 | D:1      | Peloso the Minotaur Fighter began the quest for the Orb.
     0 | D:1      | Reached XP level 1. HP: 19/19 MP: 0/0
    81 | D:1      | Found a faded altar of an unknown god.
   300 | D:1      | Reached XP level 2. HP: 22/27 MP: 1/1
  1158 | D:2      | Found an iron altar of Okawaru.
  1176 | D:2      | Became a worshipper of Warmaster Okawaru
  1225 | D:2      | Reached XP level 3. HP: 33/33 MP: 2/2
  1246 | D:2      | Noticed Natasha
  1255 | D:2      | Killed Natasha
  1256 | D:2      | Reached skill level 3 in Long Blades
  1398 | D:2      | Noticed Natasha
  1408 | D:2      | Killed Natasha
  1409 | D:2      | Reached XP level 4. HP: 16/40 MP: 3/3
  2120 | D:3      | Reached skill level 4 in Long Blades
  2152 | D:3      | Reached XP level 5. HP: 46/47 MP: 4/4
  2841 | D:4      | Reached skill level 5 in Armour
  2841 | D:4      | Reached skill level 1 in Dodging
  2857 | D:4      | Reached * piety under Okawaru
  2859 | D:4      | Reached XP level 6. HP: 19/53 MP: 5/5
  3269 | D:4      | You are sucked into a shaft and drop 3 floors!
  3309 | D:7      | Reached skill level 5 in Long Blades
  3546 | D:6      | Reached skill level 5 in Shields
  3557 | D:6      | Reached XP level 7. HP: 44/60 MP: 6/6
  3573 | D:6      | Found a glowing drain.
  3603 | Sewer    | Entered a sewer
  3840 | Sewer    | Reached skill level 6 in Long Blades
  3875 | Sewer    | Reached skill level 5 in Fighting
  3969 | Sewer    | Reached ** piety under Okawaru
  3985 | Sewer    | Got Jocenoec's Handbook of the Birds
  4061 | D:6      | Reached skill level 7 in Long Blades
  4300 | D:6      | Reached XP level 8. HP: 58/70 MP: 7/7
  4444 | D:6      | Identified the +1 war axe of the Hungering Gnat {flame,
                  | rElec rC- Str+7 SInv}
  4467 | D:6      | Reached skill level 8 in Long Blades
  4533 | D:6      | Reached *** piety under Okawaru
  4669 | D:5      | Entered Level 5 of the Dungeon
  5022 | D:5      | Identified the +11 war axe of Gallantry {venom, Stlth+}
  5061 | D:5      | Found a runed translucent door.
  5062 | D:5      | Noticed Tali's ghost (novice DsBe)
  5089 | D:5      | Reached skill level 1 in Stealth
  5335 | D:5      | Reached skill level 9 in Long Blades
  5656 | D:4      | Noticed Duvessa
  5656 | D:4      | Noticed Dowan
  5680 | D:4      | Killed Duvessa
  5680 | D:4      | Reached **** piety under Okawaru
  5711 | D:4      | Killed Dowan
  5929 | D:4      | Identified the +3 leather armour of Space {rPois Str+4}
  5988 | D:4      | Noticed Blork the orc
  5996 | D:4      | Killed Blork the orc
  6010 | D:4      | Reached XP level 9. HP: 78/78 MP: 8/8
  6247 | D:7      | Found Wuxanun's Jewellery Boutique.
  6247 | D:7      | Found a staircase to the Ecumenical Temple.
  6275 | D:7      | Reached skill level 10 in Long Blades
  6836 | D:8      | Found a burning altar of Makhleb.
  7052 | D:8      | Found a flagged portal.
  7062 | Bailey   | Entered a bailey
  7072 | Bailey   | Reached skill level 11 in Long Blades
  7529 | Bailey   | Received a gift from Okawaru
  7876 | Bailey   | Reached ***** piety under Okawaru
  7950 | Bailey   | Reached XP level 10. HP: 52/88 MP: 9/9
  8185 | Bailey   | Identified the +3 long sword of Winuh {venom, rN+}
  8530 | Bailey   | Got Fugac's Tome of Creative Stones
  8640 | D:8      | Reached skill level 5 in Dodging
  8961 | D:8      | Reached skill level 1 in Invocations
  9280 | D:9      | Reached skill level 12 in Long Blades
  9575 | D:9      | Paralysed by a hornet for 2 turns
  9579 | D:9      | Noticed a smoke demon
  9586 | D:9      | Received a gift from Okawaru
  9934 | D:9      | Noticed a centaur warrior
  9935 | D:9      | Noticed a death knight
 10618 | D:10     | Entered Level 10 of the Dungeon
 10618 | D:10     | Found Acrafuol's General Store.
 10618 | D:10     | Found a staircase to the Lair.
 10624 | D:10     | Bought a scroll of identify for 30 gold pieces
 10680 | D:10     | Found Zaepoza's Antique Armour Emporium.
 11077 | D:10     | Noticed an orc knight
 11094 | D:10     | Killed an orc knight
 11094 | D:10     | Identified the +0 cloak "Sibbodosim" {rN++} (Okawaru gifted
                  | it to you on level 10 of the Dungeon)
 11094 | D:10     | Received a gift from Okawaru
 11437 | D:10     | Noticed a two-headed ogre
 11444 | D:10     | Demolished by a two-headed ogre

Illustrated notes

Levels and vault maps discovered:
D:1:      minmay_arrival_widening_spiral_wide, layout_loops_ring,
          dreamdust_ecumenical_altar_grove
D:2:      layout_basic, basic_altar, minmay_hedge_maze, uniq_natasha
D:3:      layout_basic, serial_bayou_lagoon_b
D:4:      layout_rooms, nicolae_underground_beach, uniq_duvessa,
          uniq_blork_the_orc
D:5:      layout_loops_corners, gammafunk_ghost_grave
D:6:      layout_basic, cheibrodos_sewer_entry_sluice
D:7:      layout_rooms, minmay_temple_entry_large_hall,
          minmay_shop_enchanted_jewellery
D:8:      layout_cave_pools, bloody_makhleb, enter_bailey_3
D:9:      layout_gridville, lightli_corner_chamber
D:10:     layout_roguey, lair_entry_dummy, serial_shops, shop,
          nicolae_shop_trees, nicolae_diamond_shop, shop, nrook_loot_triangle,
          hellmonk_guarded_unrand_dark_maul

Skill      XL: |  1  2  3  4  5  6  7  8  9 10 |
---------------+-------------------------------+-----
Shields        | 4 5 6 7 |  7.5
Fighting       | 4 5 6 8 9 |  9.8
Armour         | 4 5 6 7 8 |  8.4
Long Blades    | 3 4 5 7 9 11 12 | 12.8
Dodging        | 1 2 4 5 |  5.8
Stealth        | 1 2 |  2.6
Invocations    | 1 |  1.0
Evocations     | |  0.1

Action                   |  1- 3 |  4- 6 |  7- 9 | 10-12 || total
-------------------------+-------+-------+-------+-------++-------
Melee: Long sword        |    61 |   130 |   430 |   123 ||   744
       Headbutt          |     4 |    17 |    76 |    21 ||   118
Invok: Heroism           |       |       |     8 |     1 ||     9
Evoke: Wand              |       |       |     2 |       ||     2
  Use: Scroll            |     6 |     2 |    13 |     3 ||    24
       Potion            |     2 |       |     2 |       ||     4
 Stab: Sleeping          |       |       |       |     1 ||     1
Armor: Scale mail        |    17 |    23 |       |       ||    40
       Chain mail        |       |    55 |   119 |       ||   174
       Leather armour    |       |       |    72 |    47 ||   119
       Skin              |       |       |     6 |       ||     6
Dodge: Dodged            |    19 |    39 |   217 |    75 ||   350
Block: Buckler           |    12 |    37 |   109 |    39 ||   197
